 Dungeon Crawl Stone Soup version 0.26.0-41-g79a4fc7684 (webtiles) character file.

Game seed: 2731085543945748733

179 Hehehe the Grave Robber (level 5, -2/42 HPs)
             Began as a Deep Dwarf Necromancer on Jan 26, 2021.
             Slain by a centaur skeleton (5 damage)
             ... on level 4 of the Dungeon.
             The game lasted 00:11:16 (3790 turns).

Hehehe the Grave Robber (Deep Dwarf Necromancer)    Turns: 3790, Time: 00:11:16

Health: -2/42      AC:  2    Str: 11    XL:     5   Next: 32%
Magic:  2/7        EV: 12    Int: 17    God:
Gold:   178        SH:  0    Dex: 13    Spells: 3/7 levels left

rFire    . . .     SeeInvis .   i - +1 whip (freeze)
rCold    . . .     Faith    .   (no shield)
rNeg     . . .     Spirit   .   a - +0 robe
rPois    .         Reflect  .   (no helmet)
rElec    .         Harm     .   (no cloak)
rCorr    .         Rampage  .   (no gloves)
Will     +....     Rnd*Tele +   (no boots)
Stlth    ++........             (no amulet)
HPRegen  0.00/turn              q - ring of teleportation (curse)
MPRegen  0.10/turn              d - ring of willpower

@: non-regenerating
A: damage resistance, heal wounds, sense surroundings 1, no regeneration
a: Heal Wounds


You were on level 4 of the Dungeon.
You visited 1 branch of the dungeon, and saw 4 of its levels.

You collected 178 gold pieces.

Inventory:

Hand Weapons
 i - a +1 whip of freezing (weapon)
Armour
 a - a +0 robe (worn)
 p - a cursed +1 ring mail
Jewellery
 b - an uncursed ring of ice
 d - a ring of willpower (right hand)
 q - a cursed ring of teleportation (left hand)
 r - a +4 ring of slaying {unknown}
Scrolls
 e - 2 scrolls of identify
 g - 2 scrolls of teleportation
 l - a scroll of fear {unknown}
Potions
 c - a potion of curing
 f - 2 potions of haste {unknown}
 h - 3 potions of ambrosia
 j - a potion of lignification {unknown}
 k - a potion of might {unknown}
 m - a potion of resistance
 o - a potion of flight


   Skills:
 - Level 2.1 Dodging
 - Level 2.4 Stealth
 - Level 1.7 Spellcasting
 + Level 7.3 Necromancy


You had 3 spell levels left.
You knew the following spells:

 Your Spells              Type           Power        Failure   Level
a - Pain                  Necr           100%         1%          1
b - Vampiric Draining     Necr           13%          3%          3

Your spell library contained the following spells:

 Spells                   Type           Power        Failure   Level
 Animate Skeleton         Necr           52%          1%          1
 Animate Dead             Necr           13%          10%         4
 Agony                    Necr           26%          26%         5


Dungeon Overview and Level Annotations

Branches:
Dungeon (4/15)
 Temple: D:4-7

Altars:
The Shining One


Innate Abilities, Weirdness & Mutations

You are resistant to damage.
You can heal yourself by infusing magical energy.
You passively map a small area around you.
You do not regenerate.


Message History

You see here a scroll of identify.
The gnoll closely misses you.
You see here a scroll of identify.
You hit the gnoll. You freeze the gnoll.
The gnoll is moderately wounded.
The gnoll hits you but does no damage.
You hit the gnoll but do no damage.
The gnoll is moderately wounded.
The centaur skeleton misses you. The gnoll hits you with a +0 spear.
* * * LOW HITPOINT WARNING * * *
You hit the gnoll but do no damage.
The gnoll is moderately wounded.
The centaur skeleton completely misses you.
The gnoll hits you with a +0 spear.
* * * LOW HITPOINT WARNING * * *
The centaur skeleton barely misses you.
You barely miss the gnoll.
The gnoll is moderately wounded.
The centaur skeleton hits you.
You die...

##..........##
* ,
#....##...## *
##.#..######
###....## *
#..$.####
#.##....# , *#.
#†...# * ,, #
*#....#########
* ,
#.....g@Z....#
, ,*
#....#######.#
, , #.....#** *
* * ,....#...$.
* ..###[..### *
, .# ##### ,
..** * * #. , ,
, *


You could see a gnoll and a centaur skeleton.

Vanquished Creatures
  A hound (D:4)
  An orc wizard (D:3)
  4 adders
  An ooze (D:2)
  2 worms
  2 dart slugs (D:3)
  3 leopard geckos
  8 orcs (D:3)
  2 ball pythons
  2 giant cockroaches
  2 goblins
  5 hobgoblins
  4 jackals
  7 kobolds
  2 quokkas
  6 bats
  4 frilled lizards
  5 rats
61 creatures vanquished.

Notes
Turn   | Place    | Note
-------+----------+-------------------------------------------
     0 | D:1      | Hehehe the Deep Dwarf Necromancer began the quest for the
                  | Orb.
     0 | D:1      | Reached XP level 1. HP: 15/15 MP: 3/3
   430 | D:1      | Reached XP level 2. HP: 19/22 MP: 2/4
   508 | D:1      | Reached skill level 5 in Necromancy
  1091 | D:2      | Reached XP level 3. HP: 21/28 MP: 0/5
  1455 | D:2      | Learned a level 3 spell: Vampiric Draining
  2089 | D:2      | Found a faded altar of an unknown god.
  2415 | D:3      | Found a glowing golden altar of the Shining One.
  2670 | D:3      | Reached skill level 6 in Necromancy
  2777 | D:3      | Reached XP level 4. HP: 21/36 MP: 1/6
  3708 | D:4      | Reached skill level 7 in Necromancy
  3708 | D:4      | Reached XP level 5. HP: 32/42 MP: 0/7
  3790 | D:4      | Slain by a centaur skeleton

Illustrated notes

Levels and vault maps discovered:
D:1:      ebering_trefoil_twist, layout_basic, minmay_tripent
D:2:      layout_loops_ring, chequers_ecumenical_altar_simple,
          kennysheep_generic_room_2
D:3:      layout_loops_ring, tso_metal_star
D:4:      layout_rooms, minmay_temple_entry_gardened_gates,
          nicolae_ossuary_entry_catacombs, st_stairs_12, serial_bayou_lagoon_b,
          uniq_sigmund

Skill      XL: |  1  2  3  4 |
---------------+-------------+-----
Necromancy     | 5 6 7 |  7.3
Dodging        | |  2.1
Stealth        | |  2.4
Spellcasting   | |  1.7

Action                   |  1- 3 |  4- 6 || total
-------------------------+-------+-------++-------
Melee: Whip              |    15 |    58 ||    73
 Cast: Pain              |    53 |     2 ||    55
       Vampiric Draining |     6 |    18 ||    24
  Use: Scroll            |       |     8 ||     8
Armor: Robe              |     3 |    18 ||    21
Dodge: Dodged            |    26 |    65 ||    91
